 Dungeon Sprint DCSS version 0.31-a0-879-g1609e0ac53 (webtiles) character file.

Game seed: 113887292435424028

1869 sircluck the Grappler (level 8, -13/92 HPs)
             Began as a Troll Berserker on Oct 14, 2023.
             Was the Champion of Trog.
             Mangled by Erolcha
             ... wielding a +0 giant spiked club
              (31 damage)
             ... in the Dungeon (Sprint III: "The Ten Rune Challenge").
             The game lasted 00:02:13 (396 turns).

sircluck the Grappler (Troll Berserker)              Turns: 396, Time: 00:02:14

Health: -13/92     AC:  4    Str: 27    XL:     8   Next: 90%
Magic:  6/6        EV: 12    Int:  2    God:    Trog [******]
Gold:   32         SH:  9    Dex: 13    Spells: 7/7 levels left

rFire   . .          .
                       - Unarmed
rCold   . . .        c - +0 kite shield
rNeg    . . .        a - +0 animal skin
rPois   .            (helmet restricted)
rElec   .            (no cloak)
rCorr   .            (gloves unavailable)
SInv    .            (boots unavailable)
Will    .....        (no amulet)
Stlth   +            (no ring)
HPRegen 1.95/turn    (no ring)
MPRegen 0.10/turn

%: no teleportation
@: no status effects
A: large, unfitting armour, claws 3, regeneration 2, shaggy fur 1, tough skin 1,
agile 1, low MP 1
a: Renounce Religion, Berserk, Trog's Hand, Brothers in Arms


You were in the Dungeon.
You worshipped Trog.
Trog was exalted by your worship.
You visited 1 branch You collected 32 gold pieces.

Inventory:

Armour
 a - a +0 animal skin (worn)
 c - a +0 kite shield (worn)
Wands
 n - a wand of mindburst (8)
 o - a wand of paralysis (12)
Scrolls
 i - a scroll of torment {unknown}
 j - 3 scrolls of identify
 m - a scroll of immolation {unknown}
Potions
 b - 2 potions of curing
 d - a potion of haste
 e - 2 potions of magic
 f - a potion of berserk rage
 h - a potion of mutation
 k - a potion of invisibility {unknown}
 l - 4 potions of enlightenment


   Skills:
 + Level 9.6 Fighting
 + Level 4.0 Armour
 + Level 9.5 Dodging
 + Level 4.4 Shields
 + Level 11.2 Unarmed Combat


You had 7 spell levels left.
You didn't know any spells.
Your spell library was empty.

Dungeon Overview and Level Annotations

Branches:
Dungeon (1/1)

Altars:
Cheibriados
Dithmenos
Elyvilon
Fedhas
Gozag
Hepliaklqana
Kikubaaqudgha
Makhleb
Nemelex Xobeh
Okawaru
Qazlal
Ru
Sif Muna
Trog
Uskayaw
Vehumet
Wu Jian
Xom
Yredelemnul
Zin
The Shining One
Jiyva
Lugonu

Annotations:
D Erolcha


Innate Abilities, Weirdness & Mutations

You are too large for most types of armour.
You have claws for hands.
You heal very quickly.
You are covered in fur. (AC +1)
You have tough skin. (AC +1)
You are agile. (Dex +4, Str/Int -1)
Your magical capacity is low. (-10% MP)


Message History

A redback comes into view.
The redback bites you! Erolcha drops a net on you.
You become entangled in the net!
The two-headed ogre barely misses you.
The two-headed ogre hits you with a +0 giant club!! x2
The two-headed ogre hits you with a +0 giant club!
* * * LOW HITPOINT WARNING * * *
Things that are here:
a throwing net; a redback corpse Unknown command.
Unknown command.
Unknown command.
Unknown command.
Unknown command.
Blink to where?
Press: ? - help, Q - select action, (/) - cycle Dir - move target, p - Erolcha
As you read the scroll of blinking, it crumbles to dust.
You mangle the redback!!
The redback is almost dead.
The redback bites you.
* * * LOW HITPOINT WARNING * * *
You scratch the redback but do no damage.
The redback is almost dead.
The redback barely misses you. You block the redback's attack.
You mangle the redback!!
You kill the redback!
Trog accepts your kill.
Your Armour skill increases to level 4!
Unknown command.
Unknown command.
Unknown command.
You start resting.
Erolcha is nearby!
You scratch Erolcha but do no damage.
Erolcha is severely wounded.
Erolcha hits you with a +0 giant spiked club!
* * * LOW HITPOINT WARNING * * *
You scratch Erolcha.
Erolcha is severely wounded.
Erolcha hits you with a +0 giant spiked club!!
You die...

#### #__# #._# #)## ...#
...# ##'#
...#+##############
...#....#.#.#...@.#
...##.#..#.##)###O#
...'##.#.#.##.#.†##
...#.).#..#..##.OOO.....
▓▓▓▓▓▓▓▓▓▓▓▓▓▓▓▓▓#...^.^
.^.^.. .^... ..... ####


You could see Erolcha.

Vanquished Creatures
  A deep elf pyromancer (D)
  A shadow (D)
  A spatial vortex (D)
  2 redbacks (D)
  3 two-headed ogres (D)
  A necrophage (D)
  A water elemental (D)
  A jelly (D)
  Jessica (D)
  A wizard (D)
  A necromancer (D)
  A kobold demonologist (D)
  3 humans (D)
  A phantom (D)
  An endoplasm (D)
  2 rats (D)
22 creatures vanquished.

Notes
Turn   | Place    | Note
-------+----------+-------------------------------------------
     0 | D        | sircluck the Troll Berserker began the quest for the Orb.
     0 | D        | Reached XP level 1. HP: 22/22 MP: 0/0
    11 | D        | Noticed Jessica
    12 | D        | Reached ** piety under Trog
    13 | D        | Killed Jessica
    14 | D        | Reached skill level 4 in Unarmed Combat
    14 | D        | Reached XP level 2. HP: 32/32 MP: 1/1
    14 | D        | Reached XP level 3. HP: 39/39 MP: 2/2
    55 | D        | Reached *** piety under Trog
    56 | D        | Reached skill level 5 in Unarmed Combat
    72 | D        | Gained mutation: You are frail. (-10% HP) [potion of
                  | mutation]
    72 | D        | Gained mutation: You have supernaturally acute eyesight.
                  | (SInv) [potion of mutation]
    72 | D        | Gained mutation: Your spells are a little harder to cast,
                  | but a little more powerful. [potion of mutation]
    73 | D        | Lost mutation: You are frail. (-10% HP) [potion of
                  | mutation]
    73 | D        | Lost mutation: Your spells are a little harder to cast, but
                  | a little more powerful. [potion of mutation]
    73 | D        | Lost mutation: You have supernaturally acute eyesight.
                  | (SInv) [potion of mutation]
    73 | D        | Gained mutation: You are agile. (Dex +4, Str/Int -1)
                  | [potion of mutation]
    73 | D        | Gained mutation: Your magical capacity is low. (-10% MP)
                  | [potion of mutation]
    73 | D        | Gained mutation: You heal very quickly. [potion of
                  | mutation]
    90 | D        | Noticed a water elemental
    96 | D        | HP: 1/39 [water elemental (7)]
   102 | D        | Killed a water elemental
   103 | D        | Reached skill level 5 in Fighting
   103 | D        | Reached skill level 5 in Dodging
   103 | D        | Reached skill level 6 in Unarmed Combat
   103 | D        | Reached XP level 4. HP: 26/50 MP: 2/2
   122 | D        | Found a glowing silver altar of Zin.
   122 | D        | Found a glowing golden altar of the Shining One.
   122 | D        | Found a white marble altar of Elyvilon.
   123 | D        | Noticed a deep elf pyromancer
   132 | D        | Killed a deep elf pyromancer
   133 | D        | Reached skill level 9 in Unarmed Combat
   133 | D        | Reached XP level 5. HP: 23/63 MP: 3/3
   133 | D        | Reached XP level 6. HP: 27/72 MP: 4/4
   133 | D        | Reached XP level 7. HP: 29/79 MP: 5/5
   162 | D        | Found a hide-covered altar of Uskayaw.
   162 | D        | Found an iron altar of Okawaru.
   162 | D        | Found a bloodstained altar of Trog.
   162 | D        | Found an ornate altar of the Wu Jian Council.
   162 | D        | Noticed a human
   162 | D        | Noticed a human
   172 | D        | Killed a human
   172 | D        | Reached **** piety under Trog
   175 | D        | Killed a human
   176 | D        | Reached skill level 10 in Unarmed Combat
   192 | D        | Found a radiant altar of Vehumet.
   193 | D        | Found a shimmering blue altar of Sif Muna.
   193 | D        | Found an ancient bone altar of Kikubaaqudgha.
   199 | D        | Noticed a smoke demon
   203 | D        | Reached ***** piety under Trog
   223 | D        | Found a basalt altar of Yredelemnul.
   223 | D        | Found a shadowy altar of Dithmenos.
   223 | D        | Found a sacrificial altar of Ru.
   227 | D        | Reached skill level 1 in Armour
   227 | D        | Reached skill level 1 in Shields
   246 | D        | Noticed a shadow
   250 | D        | Killed a shadow
   251 | D        | Reached XP level 8. HP: 67/91 MP: 6/6
   263 | D        | Found a blossoming altar of Fedhas.
   263 | D        | Found a stormy altar of Qazlal.
   263 | D        | Found a snail-covered altar of Cheibriados.
   263 | D        | Found a burning altar of Makhleb.
   263 | D        | Found a shimmering altar of Xom.
   264 | D        | Found a hazy altar of Hepliaklqana.
   264 | D        | Found an opulent altar of Gozag.
   264 | D        | Found a sparkling altar of Nemelex Xobeh.
   264 | D        | Found a corrupted altar of Lugonu.
   264 | D        | Found a viscous altar of Jiyva.
   333 | D        | Noticed a two-headed ogre
   344 | D        | Killed a two-headed ogre
   344 | D        | Reached ****** piety under Trog
   345 | D        | Reached skill level 11 in Unarmed Combat
   374 | D        | Noticed Erolcha
   375 | D        | Noticed a two-headed ogre
   396 | D        | Mangled by Erolcha

Illustrated notes

Levels and vault maps discovered:
D:        dungeon_sprint_mu [sprint_mu_entry_forest, sprint_mu_temple_rooms,
          sprint_mu_d1_spiders, sprint_mu_d2_genie, sprint_mu_d3_branching,
          sprint_mu_orc_legion, sprint_mu_elf_gauntlet, sprint_mu_hive_nellie,
          sprint_mu_lair_fedhas, sprint_mu_vaults_butterflies,
          sprint_mu_slime_circle, sprint_mu_swamp_cave, sprint_mu_shoals_archi,
          sprint_mu_blade_basic, sprint_mu_crypt_lich, sprint_mu_tomb_spiral,
          sprint_mu_vestibule_basic, sprint_mu_gehenna_hellfire,
          sprint_mu_dis_giant, sprint_mu_tartarus_statrot,
          sprint_mu_cocytus_islands, sprint_mu_zot1]

Skill      XL: |  1  2  3  4  5  6  7  8 |
---------------+-------------------------+-----
Fighting       | 3 5 7 8 9 |  9.6
Dodging        | 3 5 7 8 9 |  9.5
Unarmed Combat | 4 6 9 10 11 | 11.2
Armour         | 1 4 |  4.0
Shields        | 2 4 |  4.4

Action                     |  1- 3 |  4- 6 |  7- 9 || total
---------------------------+-------+-------+-------++-------
  Melee: Unarmed           |    21 |     5 |    73 ||    99
         Punch             |     1 |     1 |     2 ||     4
  Evoke: Wand              |       |       |     1 ||     1
    Use: Potion            |     3 |       |       ||     3
         Scroll            |       |       |     1 ||     1
 Armour: Animal skin       |    10 |     4 |    29 ||    43
  Dodge: Dodged            |     9 |     1 |    18 ||    28
  Block: Kite shield       |       |       |    18 ||    18

Table legend: (Time is in decaauts)
 A = Elapsed time spent in this place.
 B = Non-inter-level travel time spent in this place.
 C = Inter-level travel time spent in this place.
 D = Time resting spent in this place.
 E = Time spent auto-exploring this place.
 F = Levels seen in this place.
 G = Mean time per level.
                   A        B        C        D        E       F      G
               +--------+--------+--------+--------+--------+-----+--------+
         Total |    386 |    379 |      7 |      1 |    211 |   1 |  386.0 |
       Dungeon |    386 |    379 |      7 |      1 |    211 |   1 |  386.0 |
               +--------+--------+--------+--------+--------+-----+--------+

Top non-repeatable levels by time:
       D: 386 daAuts
